 Dungeon Crawl Stone Soup version 0.31-a0-175-g9f7f995f2b (webtiles) character file.

Game seed: 9262375639221558551

93 qw the Chopper (level 4, 0/28 HPs)
             Began as a Gargoyle Fighter on June 16, 2023.
             Slain by Sigmund
             ... wielding a +0 scythe
              (3 damage)
             ... on level 2 of the Dungeon.
             The game lasted 00:00:53 (1446 turns).

qw the Chopper (Gargoyle Fighter)                   Turns: 1446, Time: 00:00:54

Health: 0/28       AC: 17    Str: 21    XL:     4   Next: 62%
Magic:  4/4        EV: 10    Int:  9    God:
Gold:   64         SH:  4    Dex:  9    Spells: 3/3 levels left

rFire   . . .        Y - +0 war axe
rCold   . . .        c - +0 buckler
rNeg    + . .        n - +0 plate armour
rPois   inf          (no helmet)
rElec   +            l - +0 cloak
rCorr   .            (no gloves)
SInv    .            j - +0 pair of boots
Will    .....        (no amulet) Stlth
                     p - +5 ring of evasion
HPRegen 0.24/turn    (no ring)
MPRegen 0.09/turn

%: no passive effects
@: no status effects
A: sickness immunity, AC +3, negative energy resistance 1, electricity
resistance, torment resistance 1, petrification resistance
a: no special abilities


You were on level 2 of the Dungeon.
You visited 1 branch of the dungeon, and saw 2 of its levels.

You collected 64 gold pieces.


Innate Abilities, Weirdness & Mutations

You are immune to sickness and miasma.
Your stone body is resilient. (AC +3)
You are immune to poison.
You resist negative energy. (rN+)
You are resistant to electric shocks. (rElec)
You are resistant to unholy torment.
You are immune to petrification.


   Skills:
 - Level 3.2 Fighting
 + Level 4.2 Axes
 - Level 3.2 Armour
 - Level 3.2 Shields


You had 3 spell levels left.
You didn't know any spells.
Your spell library was empty.

Inventory:

Hand Weapons
 e - a +0 whip
 Y - a +0 war axe (weapon)
Armour
 c - a +0 buckler (worn)
 j - a +0 pair of boots (worn)
 l - a +0 cloak (worn)
 n - a +0 plate armour (worn)
Jewellery
 b - a ring of protection from cold
 p - a +5 ring of evasion (left hand)
Scrolls
 a - a scroll of enchant weapon {unknown}
 f - a scroll of poison {unknown}
Potions
 d - a potion of might
 m - a potion of resistance
 o - a potion of heal wounds {unknown}

Dungeon Overview and Level Annotations

Branches:
Dungeon (2/15)

Altars:

Annotations:
D:2 Sigmund


Message History

You swing at nothing.
Something hits you.
You swing at nothing.
Something hits you but does no damage.
You swing at nothing.
Something hits you but does no damage.
You swing at nothing.
Something hits you.
You swing at nothing.
Something hits you but does no damage.
You swing at nothing.
Something hits you but does no damage.
You swing at nothing.
Something hits you but does no damage.
You swing at nothing.
You swing at nothing.
A magic dart appears from out of thin air!
The magic dart hits you. Something hits you.
You swing at nothing.
You swing at nothing.
Something hits you but does no damage.
You swing at nothing.
Sigmund appears from thin air!
Reactivating autopickup.
Sigmund closely misses you. You block Sigmund's attack.
You see here a rat corpse.
Enter note:
Enter note:
Enter note: You slash Sigmund!
Sigmund is moderately wounded.
Sigmund mumbles some strange words.
Sigmund flickers and vanishes!
Deactivating autopickup; reactivate with Ctrl-A.
You closely miss something. Something hits you but does no damage.
You miss something. Something hits you.
You die...

.##.#......#
.##.#......# .#
.##.#......# .#
###.####'#.# ##.#
#.# #.#.# ...# #.#
#.#)# #..# #.#
#.#.# #..# #.#
#.#.# #{.######
#.####.#.#
#@).....#
#......#.#
#.#####.#
##########.# #.#
.........#.# #.#
########.#.# #.#
#.#.# #.# #.#.#
#.# #.#.# #.#
########.#.#####.#


There were no monsters in sight!

Vanquished Creatures
  Terence (D:2)
  A gnoll (D:1)
  An adder (D:2)
  3 dart slugs
  2 bats (D:2)
  An endoplasm (D:1)
  5 giant cockroaches
  6 goblins
  9 hobgoblins
  2 kobolds
  A quokka (D:2)
  2 ball pythons
  4 frilled lizards (D:1)
  3 rats (D:2)
41 creatures vanquished.

Notes
Turn   | Place    | Note
-------+----------+-------------------------------------------
     0 | D:1      | qw the Gargoyle Fighter began the quest for the Orb.
     0 | D:1      | Reached XP level 1. HP: 14/14 MP: 1/1
     0 | D:1      | 0 ||| qw: Version: 0.2-a-29-g511e9b1
     0 | D:1      | 0 ||| qw: Game counter: 31
     0 | D:1      | 0 ||| qw: Always use a shield: true
     0 | D:1      | 0 ||| qw: God list: Okawaru
     0 | D:1      | 0 ||| qw: Allow faded altars: false
     0 | D:1      | 0 ||| qw: Do Orc after D:15 true
     0 | D:1      | 0 ||| qw: Do second Lair branch before Depths: true
     0 | D:1      | 0 ||| qw: Lair rune preference: random
     0 | D:1      | 0 ||| qw: Plans: Normal, Zot:1-4, Slime:5, God:TSO, Crypt,
                  | Tomb, Abyss, Pan, Hells, Win
     0 | D:1      | 0 ||| PLANNING D:1-11
   106 | D:1      | Reached skill level 2 in Axes
   185 | D:1      | Reached XP level 2. HP: 18/19 MP: 2/2
   235 | D:1      | Reached skill level 3 in Axes
   351 | D:1      | Reached XP level 3. HP: 22/23 MP: 3/3
   401 | D:1      | Found a faded altar of an unknown god.
   530 | D:1      | 530 ||| Stepping ~*~*~tactically~*~*~ (stealth).
   854 | D:1      | 854 ||| UPGRADING to +0 pair of boots.
   859 | D:1      | 859 ||| Stepping ~*~*~tactically~*~*~ (water).
   863 | D:1      | 863 ||| UPGRADING to +0 cloak.
   868 | D:1      | 868 ||| UPGRADING to +0 plate armour.
   878 | D:1      | 878 ||| DROPPING +0 scale mail.
   930 | D:1      | 930 ||| DROPPING +6 ring of intelligence.
   931 | D:1      | 931 ||| UPGRADING to +5 ring of evasion.
   932 | D:1      | 932 ||| READING scroll labelled DUNIOPP EZEA.
   933 | D:1      | 933 ||| READING scroll labelled FAIMUSKUKEP.
   934 | D:1      | 934 ||| READING scroll labelled VUELAT RUANN.
   937 | D:1      | 937 ||| READING scroll labelled SIDA DOPPET.
   938 | D:1      | 938 ||| DRINKING 2 pink potions.
  1012 | D:2      | 1012 ||| Stepping ~*~*~tactically~*~*~ (stealth).
  1027 | D:2      | 1027 ||| Stepping ~*~*~tactically~*~*~ (stealth).
  1159 | D:2      | Reached XP level 4. HP: 25/28 MP: 4/4
  1376 | D:2      | 1376 ||| DROPPING +0 club.
  1407 | D:2      | Noticed Terence
  1410 | D:2      | Noticed Sigmund
  1427 | D:2      | Killed Terence
  1428 | D:2      | Reached skill level 4 in Axes
  1434 | D:2      | HP: 7/28 [something (3)]
  1439 | D:2      | HP: 3/28 [something/magic dart (6)]
  1439 | D:2      | HP: 1/28 [something (2)]
  1446 | D:2      | Slain by Sigmund

Levels and vault maps discovered:
D:1:      sevenhm_arrival_forest_fort_large_2, layout_loops_ring,
          ebering_ecumenical_altar_box, serial_park_tiny_pond,
          chequers_big_river
D:2:      layout_basic, uniq_terence, uniq_sigmund

Skill      XL: |  1  2  3  4 |
---------------+-------------+-----
Axes           | 2 3 4 |  4.2
Fighting       | |  3.2
Armour         | |  3.2
Shields        | |  3.2

Action                     |  1- 3 |  4- 6 || total
---------------------------+-------+-------++-------
  Melee: War axe           |    96 |    37 ||   133
    Use: Scroll            |     4 |       ||     4
         Potion            |     1 |       ||     1
 Armour: Scale mail        |    28 |       ||    28
         Plate armour      |    13 |    28 ||    41
  Dodge: Dodged            |    47 |    22 ||    69
  Block: Buckler           |    19 |     3 ||    22

Table legend:
 A = Non-vault XP
 B = Vault XP
 C = Vault XP percentage of total XP
 D = Non-vault monster count
 E = Vault monster count
 F = Vault count percentage of total count
                 A         B        C        D         E       F
            +---------+---------+-------+---------+---------+-------
      Total |      98 |      36 |  26.9 |      40 |       1 |   2.4
            +---------+---------+-------+---------+---------+-------
        D:1 |      55 |       0 |   0.0 |      22 |       0 |   0.0
        D:2 |      43 |      36 |  45.6 |      18 |       1 |   5.3
            +---------+---------+-------+---------+---------+-------
